 Dungeon Crawl Stone Soup version 0.22-a0-824-g1ca9aab89c (webtiles) character file.

66 Htamos the Conjurer (level 3, -9/14 HPs)
             Began as a Felid Conjurer on July 24, 2018.
             Killed from afar by an orc wizard (12 damage)
             ... with a puff of flame
             ... on level 3 of the Dungeon.
             The game lasted 00:15:26 (3536 turns).

Htamos the Conjurer (Felid Conjurer)                Turns: 3536, Time: 00:15:27

Health: -9/14      AC:  1    Str:  4    XL:     3   Next: 96%
Magic:  4/7        EV: 24    Int: 17    God:
Gold:   117        SH:  0    Dex: 21    Spells: 0/6 levels left
                                        Lives:  0   Deaths: 0

rFire    . . .     SeeInvis +   (weapon unavailable)
rCold    . . .     Gourm    .   (shield unavailable)
rNeg     . . .     Faith    .   (armour unavailable)
rPois    .         Spirit   .   (helmet unavailable)
rElec    .         Reflect  .   (cloak unavailable)
rCorr    .         Harm     .   (gloves unavailable)
MR       .....                  (boots unavailable)
Stlth    ++++......             (no amulet)
HPRegen  0.04/turn              (no ring)
MPRegen  0.10/turn              (no ring)

@: agile, quick
A: very small, no armour, no weapons or thrown items, stealth, claws 1, fangs 3,
see invisible, carnivore, speed 1, shaggy fur 1, slow metabolism 1, sharp paws
a: no special abilities


You were on level 3 of the Dungeon.
You were completely stuffed.

You visited 1 branch of the dungeon, and saw 3 of its levels.

You collected 117 gold pieces.

Inventory:

Jewellery
 h - an uncursed ring of stealth {unknown}
Scrolls
 a - a scroll of teleportation {unknown}
 c - a scroll of random uselessness {unknown}
 f - a scroll of fog {unknown}
 j - a scroll of enchant armour {unknown}
Potions
 e - a potion of curing {unknown}
 g - a potion of heal wounds {unknown}
Comestibles
 b - 3 rations


   Skills:
 + Level 3.5 Dodging
 + Level 3.6 Stealth
 + Level 2.4 Spellcasting
 * Level 4.2 Conjurations


You couldn't memorise any spells.
You knew the following spells:

 Your Spells              Type           Power        Failure   Level  Hunger
a - Magic Dart            Conj           ###.         3%          1    #......
b - Dazzling Spray        Conj/Hex       #.....       22%         3    ###....
c - Searing Ray           Conj           ###...       4%          2    ##.....

Your spell library contained the following spells:

 Spells                   Type           Power        Failure   Level  Hunger
 Iskenderun's Mystic Bla  Conj           ###.....     32%         4    #####..
 Fulminant Prism          Conj/Hex       #.........   58%         4    #####..
 Force Lance              Conj/Tloc      #.......     58%         4    #####..


Dungeon Overview and Level Annotations

Branches:
Dungeon (3/15)

Altars:
The Shining One


Innate Abilities, Weirdness & Mutations

You cannot wear armour.
You are incapable of wielding weapons or throwing items.
Your paws allow you to move quietly. (Stealth)
You have sharp claws.
You have razor-sharp teeth.
You have supernaturally acute eyesight. (SInv)
You are carnivorous and can eat meat at any time.
You cover ground quickly.
You are covered in fur. (AC +1)
You have a slow metabolism.
Your sharp claws are effective at attacking unaware monsters.


Message History

The hobgoblin is almost dead.
The orc shouts!
You hear an angry hiss.
You hear a shout!
The hobgoblin misses you.
Casting: Magic Dart (safe; 3% risk of failure)
Confirm with . or Enter, or press ? or * to list all spells.
Aiming: Magic Dart (safe; 3% risk of failure)
Press: ? - help, Shift-Dir - straight line, f/p - hobgoblin
Aim: a hobgoblin, wielding a club (almost dead)
The magic dart hits the hobgoblin.
You kill the hobgoblin!
The orc wizard casts a spell at you. The puff of flame hits you!
Ouch! That really hurt!
* * * LOW HITPOINT WARNING * * *
It was a potion of agility.
You feel agile all of a sudden.
The orc wizard points at you and mumbles some strange words.
The puff of flame hits you!
Ouch! That really hurt!
You die...

.......8#
#.#######.#
........+
##..()..o..#
.......8#
#...#####o.#
.......#########...#
o.# .....8##
.......g..# .o#
.....## .######o###
.o# #8.8## #.# ...
##'## #.# .###
.#..#### #@# .#
.#.....# #.#
.#.###.# #.# ...#
#.# #.# ...# #.# #.#
..## #.# #.# .## #.#
######.# .# #.#
#......# ## #^#
#.######


You could see an orc wizard and a gnoll.

Vanquished Creatures
  2 adders (D:2)
  2 oozes
  3 dart slugs
  A leopard gecko (D:3)
  2 bats
  A giant cockroach (D:2)
  A goblin (D:1)
  5 hobgoblins
  6 kobolds
  A quokka (D:3)
  A ball python (D:3)
  5 frilled lizards
  6 rats
36 creatures vanquished.

Notes
Turn   | Place    | Note
-------+----------+-------------------------------------------
     0 | D:1      | Htamos the Felid Conjurer began the quest for the Orb.
     0 | D:1      | Reached XP level 1. HP: 7/7 MP: 4/4
   207 | D:1      | Reached XP level 2. HP: 11/11 MP: 3/6
   258 | D:1      | Found a glowing golden altar of the Shining One.
   618 | D:1      | Reached skill level 4 in Conjurations
  1023 | D:2      | Reached XP level 3. HP: 14/14 MP: 3/7
  2066 | D:2      | Learned a level 3 spell: Dazzling Spray
  2234 | D:1      | Learned a level 2 spell: Searing Ray
  2589 | D:2      | Found a glowing golden altar of the Shining One.
  3536 | D:3      | Killed from afar by an orc wizard

Vault maps used:
D:1:      minmay_arrival_doors, tso_metal_star
D:2:      nicolae_overflow_hidden_temple, nicolae_overflow_crystal_walls,
          okawaru_trees_1
D:3:      dk_noncrumbling_4

Skill      XL: |  1  2 |
---------------+-------+-----
Stealth        | 3 |  3.6
Dodging        | 3 |  3.5
Conjurations   | 4 |  4.2
Spellcasting   | |  2.4

Action                   || total
-------------------------++-------
Melee: Unarmed           ||    28
       Bite              ||     1
 Cast: Magic Dart        ||   117
       Searing Ray       ||     3
       Dazzling Spray    ||     2
  Use: Potion            ||     3
 Stab: Sleeping          ||     1
       Invisible         ||     1
  Eat: Chunk             ||    14
Dodge: Dodged            ||    27

Table legend:
 A = Spawn XP
 B = Non-spawn XP
 C = Spawn XP percentage of total XP
 D = Spawn monster count
 E = Non-spawn monster count
 F = Spawn count percentage of total count
 G = Total turns spent on level
                    A         B        C        D         E        F      G
               +---------+---------+-------+---------+---------+-------+---------
         Total |       0 |      95 |   0.0 |       0 |      36 |   0.0 |  3536
               +---------+---------+-------+---------+---------+-------+---------
           D:1 |       0 |      38 |   0.0 |       0 |      18 |   0.0 |  1641
           D:2 |       0 |      42 |   0.0 |       0 |      10 |   0.0 |  1195
           D:3 |       0 |      15 |   0.0 |       0 |       8 |   0.0 |   700
               +---------+---------+-------+---------+---------+-------+---------
